Map: Protocolo central

Players

xXkazperXx - Winner!

  • Race: Zerg Zerg

RANURA DE IA (Media)

  • Race: Zerg Zerg

VOD

Have the link to the VOD?

Description

Time

  • Played on: March 8, 2016, 8:09 a.m.
  • Length: 49:57
Show
View Real Time Build Order
Export as new Build Order

xXkazperXx Zerg - Winner!

Build Orders: Pool First 

Get SALT Encoding   

  12  0:01  Drone  
  13  0:08  Drone  
  14  0:18  Overlord  
  14  0:41  Spawning Pool  
  14  0:42  Drone x2  
  15  0:56  Extractor  
  14  0:58  Drone x2  
  16  1:15  Drone x2  
  18  1:35  Roach Warren  
  18  1:36  Zergling x2  
  18  1:37  Zergling x2  
  18  1:39  Queen  
  21  1:55  Drone  
  22  2:04  Overlord  
  22  2:25  Roach x2  
  26  2:36  Lair  
  26  2:45  Roach  
  28  3:19  Roach  
  30  3:21  Overlord  
  30  3:23  Overlord  
  30  3:33  Extractor  
  29  4:01  Drone x2  
  31  4:09  Hydralisk Den  
  30  4:14  Drone x5  
  35  4:24  Zergling x2  
  35  4:58  Ravager x4  
  40  5:21  Zergling x2  
  40  5:22  Roach x2  
  44  5:37  Spire  
  43  5:47  Hydralisk  
  45  6:00  Overlord x2  
  45  6:21  Hydralisk x2  
  43  7:17  Drone  
  43  7:18  Drone x2  
  43  7:19  Drone x3  
  43  7:21  Pneumatized Carapace  
  49  7:34  Hatchery  
  48  7:50  Mutalisk x5  
  58  8:26  Drone x4  
  62  8:28  Overlord  
  62  8:46  Drone  
  63  9:27  Hydralisk  
  63  9:28  Hydralisk x2  
  63  9:30  Drone x3  
  72  9:44  Lurker Den  
  72  9:54  Infestation Pit, Burrow  
  72  9:56  Metabolic Boost  
  71  10:00  Zergling x4  
  71  10:01  Queen  
  73  10:32  Mutalisk  
  73  10:34  Overlord  
  75  10:46  Zergling x2  
  76  10:55  Drone x2  
  78  11:04  Extractor  
  78  11:07  Hive  
  78  11:10  Hydralisk x3  
  83  11:16  Overlord  
  83  11:17  Overlord  
  72  11:42  Mutalisk x2  
  76  11:47  Drone  
  77  12:10  Drone x2  
  77  12:11  Drone  
  80  12:17  Extractor  
  79  12:33  Mutalisk x2  
  79  12:36  Mutalisk x2  
  87  12:46  Lurker  
  88  13:01  Greater Spire  
  88  13:17  Hatchery  
  87  13:22  Mutalisk x2  
  91  13:27  Overlord  
  91  13:28  Overlord  
  85  14:16  Mutalisk x3  
  91  14:23  Viper  
  94  14:35  Drone  
  95  14:48  Extractor  
  94  14:53  Extractor  
  93  15:07  Viper x2  
  99  15:19  Queen  
  101  15:30  Drone x5  
  75  16:18  Queen  
  75  16:22  Corruptor  
  75  16:23  Corruptor x2  
  83  16:52  Hydralisk  
  83  16:53  Hydralisk x4  
  93  16:56  Mutalisk x2  
  93  16:57  Mutalisk  
  99  17:09  Ultralisk Cavern  
  98  17:17  Brood Lord  
  100  17:35  Roach x2  
  100  17:36  Roach x3  
  110  17:39  Zergling x2  
  111  17:45  Zergling x2  
  111  17:46  Zergling x8  
  116  17:52  Hydralisk  
  116  17:53  Hydralisk x2  
  122  18:09  Overlord x2  
  122  18:10  Overlord  
  122  18:22  Evolution Chamber  
  121  18:56  Brood Lord  
  121  19:00  Brood Lord  
  125  19:16  Ultralisk  
  143  19:17  Ultralisk x2  
  113  20:08  Corruptor  
  113  20:09  Corruptor x2  
  119  20:19  Zerg Flyer Weapons Level 1  
  119  20:21  Glial Reconstitution  
  119  20:40  Hydralisk  
  119  20:41  Hydralisk x5  
  131  20:45  Zergling x4  
  133  21:04  Hatchery  
  132  21:06  Drone x2  
  132  21:07  Drone  
  135  21:11  Extractor  
  134  21:37  Roach x2  
  134  21:39  Tunneling Claws  
  138  22:31  Drone x2  
  138  22:35  Zerg Flyer Armor Level 1  
  140  22:42  Drone x2  
  140  22:43  Drone  
  143  22:46  Mutalisk x2  
  143  22:47  Mutalisk x2  
  151  22:54  Overlord x2  
  151  22:55  Overlord  
  94  24:29  Mutalisk  
  94  24:30  Mutalisk x2  
  100  24:32  Mutalisk x5  
  112  24:47  Drone  
  112  24:48  Drone x2  
  112  24:52  Extractor  
  114  24:55  Queen  
  114  24:57  Drone  
  114  24:58  Drone x2  
  117  25:13  Hydralisk x2  
  121  25:15  Mutalisk  
  121  25:21  Corruptor x6  
  135  25:29  Overlord x3  
  135  25:54  Brood Lord x3  
  135  25:55  Brood Lord  
  143  26:11  Hydralisk x3  
  143  26:17  Roach  
  143  26:18  Roach x2  
  155  26:30  Queen  
  157  27:00  Roach x3  
  163  27:11  Drone x3  
  126  28:26  Drone x2  
  126  28:27  Drone  
  129  28:54  Ravager x6  
  129  28:55  Ravager  
  136  29:33  Extractor  
  135  29:38  Hatchery  
  135  29:41  Extractor  
  135  29:45  Hydralisk x4  
  133  29:48  Viper x3  
  150  29:53  Ultralisk  
  150  29:54  Ultralisk x2  
  150  29:58  Roach x3  
  174  30:52  Mutalisk  
  176  31:15  Queen  
  150  33:14  Mutalisk x2  
  150  33:15  Corruptor  
  152  34:06  Roach x5  
  162  34:14  Mutalisk, Corruptor x2  
  162  34:15  Mutalisk  
  162  34:16  Hydralisk x2  
  170  34:19  Roach x2  
  170  34:20  Roach  
  180  34:34  Ultralisk  
  186  34:39  Ultralisk x2  
  186  34:44  Overlord  
  148  36:21  Brood Lord  
  148  36:22  Brood Lord  
  144  36:25  Brood Lord  
  122  36:51  Mutalisk x3  
  122  36:53  Mutalisk x2  
  122  36:54  Mutalisk x4  
  140  37:07  Extractor  
  139  37:09  Extractor  
  138  37:17  Ultralisk  
  138  37:31  Hatchery  
  137  37:52  Ultralisk x2  
  137  38:00  Roach x3  
  137  38:07  Hydralisk x5  
  108  38:52  Drone x3  
  111  39:16  Corruptor x2  
  115  39:18  Mutalisk x3  
  115  39:21  Hydralisk x8  
  137  39:25  Zergling x6  
  137  39:27  Corruptor x3  
  137  39:28  Corruptor x2  
  150  39:47  Hatchery  
  150  39:49  Mutalisk  
  150  39:50  Ultralisk, Mutalisk x2  
  155  40:17  Hydralisk x2  
  159  40:22  Extractor x2  
  161  40:36  Brood Lord x2  
  140  42:07  Brood Lord x3  
  146  42:42  Hydralisk x3  
  128  43:00  Lurker x3  
  101  45:26  Mutalisk x3  
  107  45:28  Mutalisk x2  
  107  45:29  Mutalisk  
  107  45:32  Overlord  
  107  45:34  Zergling x4  
  115  45:36  Zergling x6  
  115  45:38  Hydralisk x3  
  115  45:40  Corruptor x3  
  130  45:47  Zergling x6  
Show
View Real Time Build Order
Export as new Build Order

RANURA DE IA (Media) Zerg 

Build Orders: Pool First 

Get SALT Encoding   

  12  0:00  Drone  
  13  0:12  Overlord  
  13  0:16  Drone  
  14  0:30  Drone  
  14  0:33  Drone  
  16  0:43  Spawning Pool  
  16  0:45  Drone  
  16  0:50  Drone  
  16  0:53  Extractor  
  16  0:55  Drone  
  17  1:06  Overlord  
  17  1:31  Queen, Zergling x2  
  20  1:37  Roach Warren  
  20  1:38  Drone  
  20  1:44  Extractor  
  20  1:45  Zergling x2  
  20  1:49  Drone  
  21  2:00  Drone  
  22  2:10  Overlord  
  22  2:21  Roach  
  24  2:32  Drone  
  25  2:38  Roach, Overlord  
  25  2:44  Drone  
  28  2:48  Drone  
  29  2:52  Ravager  
  29  2:54  Roach  
  32  3:05  Drone  
  33  3:08  Ravager  
  33  3:10  Roach, Drone  
  37  3:15  Overlord  
  37  3:19  Drone  
  38  3:27  Roach  
  38  3:28  Baneling Nest  
  39  3:35  Evolution Chamber  
  39  3:38  Drone  
  39  3:42  Roach, Drone  
  43  6:11  Roach, Overlord, Lair, Drone  
  43  6:13  Spore Crawler  
  43  6:15  Spore Crawler, Drone  
  43  6:17  Evolution Chamber  
  43  6:18  Drone  
  44  6:22  Hatchery, Drone  
  44  6:24  Roach  
  46  6:29  Drone  
  46  6:31  Overlord  
  47  6:38  Spine Crawler  
  46  6:40  Spine Crawler  
  45  6:53  Zergling x2  
  32  7:05  Roach  
  32  7:08  Overseer  
  32  7:09  Queen, Overseer  
  32  7:11  Hydralisk Den  
  32  7:13  Infestation Pit  
  32  7:16  Spire  
  32  7:17  Drone  
  32  7:18  Roach  
  36  7:30  Roach  
  36  7:34  Queen, Drone  
  39  7:37  Drone  
  39  7:40  Drone  
  39  7:42  Roach, Extractor  
  39  7:43  Drone  
  43  7:46  Spore Crawler, Drone  
  43  7:47  Spore Crawler  
  43  7:48  Drone  
  43  7:51  Drone  
  43  7:53  Hydralisk  
  43  7:54  Drone  
  43  7:57  Drone  
  48  8:00  Drone  
  48  8:03  Drone  
  50  8:05  Hydralisk  
  50  8:06  Drone  
  50  8:08  Drone  
  50  8:11  Drone  
  55  8:13  Spine Crawler  
  55  8:15  Drone  
  55  8:18  Drone  
  55  8:19  Hydralisk  
  58  8:23  Overseer  
  58  8:27  Drone  
  58  8:28  Overlord  
  58  8:31  Hydralisk, Drone  
  62  8:38  Drone  
  63  8:41  Drone  
  63  8:42  Spine Crawler  
  63  8:44  Drone  
  63  8:47  Drone  
  65  8:50  Drone  
  65  8:53  Drone  
  67  8:56  Overlord, Drone  
  67  8:58  Drone  
  67  9:01  Drone  
  70  9:04  Drone  
  70  9:10  Drone  
  70  9:13  Drone  
  70  9:16  Drone  
  70  10:19  Queen  
  70  10:21  Extractor  
  68  10:38  Pneumatized Carapace, Infestor  
  68  10:39  Overseer, Overlord, Zerg Melee Weapons Level 1  
  68  10:40  Zerg Ground Armor Level 1, Muscular Augments  
  70  10:45  Roach  
  70  10:49  Hatchery  
  71  10:52  Roach  
  71  10:55  Burrow  
  71  10:57  Overlord, Drone  
  73  11:00  Roach  
  76  11:07  Roach  
  78  11:13  Hydralisk  
  80  11:21  Hydralisk  
  71  11:28  Infestor  
  71  11:31  Overseer, Overlord  
  63  11:35  Zergling x2  
  64  11:42  Hydralisk  
  66  11:50  Roach  
  68  11:56  Hydralisk  
  70  12:01  Queen  
  70  12:02  Drone  
  70  12:04  Roach  
  70  12:05  Drone  
  70  12:07  Drone  
  77  12:10  Drone  
  77  12:12  Roach  
  77  12:13  Drone  
  77  12:15  Extractor  
  80  12:16  Drone  
  80  12:17  Spore Crawler  
  80  12:18  Hydralisk  
  80  12:19  Drone  
  80  12:20  Spore Crawler, Hive  
  80  12:22  Drone  
  83  12:25  Drone  
  83  12:26  Roach  
  83  12:27  Drone  
  83  12:29  Overlord  
  87  12:30  Drone  
  87  12:33  Roach, Drone  
  87  12:34  Zerg Missile Weapons Level 1  
  87  12:36  Drone  
  92  12:39  Drone  
  92  12:40  Roach  
  92  12:42  Drone  
  96  12:44  Spine Crawler  
  96  12:45  Drone  
  96  12:46  Spine Crawler  
  96  12:47  Hydralisk  
  96  12:48  Drone  
  96  12:51  Drone  
  99  13:39  Greater Spire, Ultralisk Cavern, Drone  
  99  13:41  Extractor  
  98  13:42  Drone  
  99  13:55  Drone  
  99  14:56  Spire  
  98  15:10  Ultralisk, Zerg Melee Weapons Level 2, Overlord  
  98  15:11  Zerg Ground Armor Level 2  
  98  15:12  Zerg Flyer Weapons Level 1  
  104  15:20  Ultralisk  
  110  15:29  Overlord  
  110  15:30  Ultralisk  
  110  15:34  Hatchery  
  115  15:41  Ultralisk  
  120  15:49  Overlord  
  104  15:50  Zergling x2  
  97  15:58  Overseer  
  97  15:59  Overseer  
  97  16:01  Ultralisk  
  97  16:07  Zerg Flyer Armor Level 1  
  97  16:10  Hydralisk  
  93  16:20  Hydralisk  
  95  16:31  Ultralisk  
  101  16:40  Hydralisk  
  103  16:47  Queen, Drone  
  103  16:50  Hydralisk, Drone  
  109  16:55  Extractor  
  109  16:56  Drone  
  109  16:59  Spore Crawler, Drone  
  109  17:05  Zerg Flyer Weapons Level 2  
  109  17:06  Spore Crawler  
  109  17:07  Drone  
  109  17:08  Extractor  
  108  17:09  Drone  
  109  17:26  Zerg Missile Weapons Level 2  
  109  17:27  Zerg Melee Weapons Level 3  
  109  17:30  Spine Crawler  
  109  17:31  Drone  
  109  17:32  Spine Crawler  
  109  17:34  Drone  
  109  18:01  Zerg Flyer Armor Level 2  
  109  19:07  Ultralisk x2  
  109  19:10  Mutalisk  
  109  19:11  Viper, Overlord  
  109  19:15  Ultralisk  
  109  19:16  Mutalisk  
  114  19:23  Zerg Flyer Weapons Level 3, Mutalisk  
  118  19:27  Ultralisk  
  118  19:29  Mutalisk  
  118  19:30  Overlord  
  120  19:36  Mutalisk  
  122  19:42  Viper  
  122  19:43  Corruptor  
  108  19:49  Overseer, Mutalisk  
  108  19:50  Overlord  
  102  19:56  Mutalisk  
  102  19:59  Overseer  
  98  20:02  Mutalisk  
  94  20:09  Mutalisk  
  90  20:15  Mutalisk  
  90  20:20  Zerg Flyer Armor Level 3  
  92  20:22  Corruptor  
  94  20:28  Corruptor  
  96  20:56  Hatchery  
  95  20:57  Drone  
  96  22:08  Queen  
  98  22:20  Extractor  
  98  22:21  Drone  
  98  22:27  Spore Crawler, Drone  
  98  22:30  Spore Crawler  
  98  22:31  Drone  
  98  22:36  Extractor  
  97  22:37  Drone  
  98  22:53  Zerg Ground Armor Level 3, Zergling x2  
  98  22:54  Zerg Missile Weapons Level 3  
  98  22:56  Drone, Spine Crawler  
  99  22:59  Drone, Spine Crawler  
  99  23:03  Infestor  
  101  23:13  Infestor  
  81  24:11  Corruptor  
  73  24:21  Corruptor  
  75  24:48  Corruptor  
  75  24:49  Brood Lord  
  79  24:59  Brood Lord, Corruptor  
  83  25:26  Brood Lord, Corruptor  
  87  25:36  Corruptor  
  87  25:37  Brood Lord  
  91  26:04  Brood Lord, Corruptor  
  95  26:23  Hatchery  
  94  26:48  Roach  
  94  26:50  Overlord  
  94  26:54  Roach  
  98  26:59  Roach  
  100  27:05  Roach  
  100  27:08  Viper, Overlord  
  102  27:11  Roach  
  107  27:16  Hydralisk  
  107  27:22  Swarm Host  
  112  27:27  Overlord  
  112  27:29  Roach  
  114  27:34  Roach, Queen  
  114  27:36  Drone  
  116  27:40  Roach  
  114  27:46  Roach  
  114  27:52  Roach  
  114  27:57  Infestor  
  110  27:58  Extractor  
  110  27:59  Hatchery, Drone  
  110  28:00  Overseer, Spore Crawler  
  110  28:02  Extractor, Drone  
  110  28:03  Infestor  
  110  28:04  Spore Crawler  
  110  28:05  Overseer, Overlord, Drone  
  97  28:08  Drone  
  97  28:09  Infestor  
  97  28:11  Drone  
  102  28:15  Hydralisk  
  104  28:27  Zergling x2  
  108  28:28  Spine Crawler  
  108  28:29  Spine Crawler, Drone  
  108  28:32  Infestor, Drone  
  110  28:38  Infestor  
  112  29:11  Queen  
  114  29:32  Extractor  
  114  29:33  Overseer, Drone  
  114  29:42  Spore Crawler  
  114  29:43  Drone  
  114  29:44  Spore Crawler  
  113  29:46  Extractor, Drone  
  113  29:49  Drone  
  114  30:09  Spine Crawler  
  114  30:11  Drone  
  114  30:23  Spine Crawler  
  114  30:24  Drone  
  114  30:53  Roach, Overlord  
  114  30:56  Roach  
  118  30:59  Hydralisk  
  118  31:03  Hydralisk  
  122  31:08  Zergling x2  
  118  31:11  Hydralisk  
  118  31:12  Overlord  
  118  31:15  Roach  
  102  31:19  Roach  
  102  31:23  Roach  
  90  31:26  Overseer, Infestor  
  90  31:30  Roach, Overlord  
  90  31:32  Overseer  
  94  31:34  Roach  
  94  31:37  Roach  
  94  31:38  Drone x2  
  98  31:40  Infestor  
  98  31:44  Roach  
  102  31:48  Roach, Overlord  
  102  31:51  Infestor  
  106  31:56  Infestor  
  106  32:00  Roach  
  103  32:02  Drone  
  103  32:04  Roach, Drone  
  103  32:06  Overlord  
  103  32:07  Hydralisk, Drone  
  103  32:11  Hydralisk  
  103  32:12  Drone  
  103  32:15  Hydralisk  
  101  32:18  Hydralisk  
  101  32:20  Overseer  
  99  32:23  Zergling x2  
  99  32:25  Overlord  
  99  32:27  Roach  
  98  32:30  Roach  
  98  32:34  Roach  
  90  32:38  Roach  
  90  32:41  Roach  
  90  32:43  Overlord  
  94  32:45  Roach  
  94  32:49  Roach  
  98  32:52  Infestor  
  98  32:55  Infestor  
  100  32:58  Drone  
  100  33:00  Roach  
  100  33:02  Drone  
  100  33:03  Roach  
  100  33:05  Drone  
  106  33:06  Infestor  
  106  33:11  Roach  
  110  33:14  Roach  
  112  33:30  Hatchery  
  112  33:32  Hydralisk, Drone  
  112  33:36  Hydralisk  
  112  33:41  Zergling x2  
  102  33:43  Overseer  
  102  33:44  Hydralisk, Overlord  
  102  33:47  Hydralisk  
  88  33:51  Infestor  
  90  33:55  Roach  
  90  33:59  Roach  
  90  34:02  Overlord  
  92  34:03  Roach, Extractor  
  92  34:05  Drone  
  92  34:06  Roach  
  96  34:10  Roach  
  96  34:14  Roach  
  100  34:17  Roach  
  100  34:21  Overlord  
  100  34:22  Roach  
  104  34:26  Roach  
  104  34:30  Infestor  
  108  34:35  Roach  
  108  34:36  Extractor  
  108  34:37  Drone  
  110  34:39  Roach  
  110  34:41  Overlord  
  110  34:42  Queen  
  110  34:44  Ravager x4, Hydralisk  
  120  34:49  Hydralisk  
  122  35:09  Overseer, Overlord  
  122  35:10  Drone  
  122  35:11  Overseer, Drone x2  
  122  35:13  Hydralisk, Spore Crawler  
  119  35:15  Drone  
  119  35:16  Spore Crawler  
  119  35:18  Drone  
  119  35:20  Drone  
  121  35:23  Drone  
  121  35:25  Drone  
  121  35:26  Infestor  
  121  35:27  Infestor x2  
  121  35:28  Overlord  
  122  35:32  Drone, Zergling x2  
  120  35:36  Hydralisk  
  120  35:40  Hydralisk, Drone  
  120  35:41  Drone  
  118  35:44  Hydralisk  
  118  35:49  Hydralisk  
  118  35:54  Hydralisk  
  120  36:17  Hydralisk  
  120  36:21  Hydralisk  
  120  36:24  Hatchery  
  120  36:25  Drone  
  115  36:26  Hydralisk  
  115  36:31  Zergling x2  
  105  36:35  Hydralisk  
  91  36:40  Roach  
  91  36:43  Drone  
  91  36:44  Roach  
  84  36:48  Hydralisk  
  84  36:53  Hydralisk  
  88  36:57  Infestor  
  90  37:02  Roach  
  90  37:07  Roach  
  94  37:11  Roach  
  96  37:16  Roach  
  96  37:22  Hatchery  
  97  37:23  Hydralisk  
  97  37:32  Ravager x2  
  97  37:33  Roach  
  101  37:37  Roach  
  101  37:39  Overlord  
  101  37:42  Infestor  
  105  37:47  Infestor  
  107  37:52  Infestor  
  107  37:57  Viper, Infestor  
  107  37:58  Overlord  
  114  38:03  Roach  
  116  38:08  Roach  
  116  38:10  Infestor  
  116  38:11  Roach x2  
  116  38:13  Infestor  
  116  38:18  Infestor  
  108  38:23  Infestor  
  108  38:28  Infestor  
  108  38:30  Overseer  
  108  38:33  Infestor  
  105  38:35  Queen, Drone  
  105  38:36  Overlord  
  105  38:38  Hydralisk  
  105  38:40  Infestor  
  106  38:44  Zergling x2  
  107  38:49  Hydralisk  
  107  38:54  Roach  
  107  38:55  Overlord  
  109  38:57  Extractor  
  109  38:59  Infestor, Drone  
  109  39:00  Roach x2, Spore Crawler  
  109  39:02  Drone  
  111  39:03  Spore Crawler  
  111  39:04  Extractor  
  111  39:05  Roach, Drone  
  111  39:08  Drone  
  101  39:11  Roach  
  101  39:15  Infestor  
  105  39:21  Roach  
  105  39:22  Overseer, Overlord  
  100  39:26  Roach  
  100  39:27  Spine Crawler  
  100  39:29  Drone  
  100  39:30  Spine Crawler  
  97  39:31  Roach  
  97  39:32  Drone  
  97  39:36  Infestor  
  96  39:41  Infestor  
  92  39:46  Infestor  
  92  39:51  Zergling x2  
  95  39:56  Infestor  
  97  40:02  Roach  
  97  40:06  Infestor  
  101  40:11  Infestor  
  103  40:16  Hydralisk  
  105  40:22  Roach  
  105  40:26  Infestor  
  109  40:31  Hydralisk  
  111  40:37  Roach  
  111  40:42  Roach  
  110  40:46  Viper  
  110  40:47  Infestor  
  110  40:48  Overlord  
  96  40:52  Zergling x2  
  95  40:58  Roach  
  95  41:02  Infestor  
  99  41:07  Overlord, Infestor  
  99  41:10  Queen  
  101  41:12  Infestor  
  103  41:18  Roach  
  103  41:23  Infestor  
  93  41:27  Viper  
  93  41:28  Infestor  
  93  41:30  Overlord  
  89  41:34  Roach  
  89  41:38  Queen  
  90  41:43  Roach  
  88  41:50  Overlord  
  88  41:51  Spore Crawler  
  88  41:53  Roach  
  76  42:02  Infestor  
  76  42:05  Spore Crawler  
  73  42:08  Queen  
  73  42:11  Zergling x2  
  74  42:15  Queen  
  74  42:20  Hydralisk  
  78  42:24  Spore Crawler  
  77  42:30  Roach  
  79  42:37  Spore Crawler  
  79  42:40  Roach  
  77  42:46  Roach  
  77  42:48  Infestor  
  75  42:58  Roach  
  73  43:06  Lair  
  73  43:08  Zergling x2  
  63  43:17  Corruptor  
  65  43:20  Overlord  
  65  43:27  Corruptor  
  65  43:30  Evolution Chamber  
  61  43:38  Overlord, Zergling x2  
  62  44:04  Overseer  
  62  44:14  Spawning Pool  
  60  44:34  Spire  
  59  44:52  Evolution Chamber  
  53  45:01  Zergling x2  
  54  45:09  Overlord  
  53  45:18  Overseer  
  52  45:27  Overlord  
  52  45:29  Overseer  
  49  45:47  Overlord  
  49  46:07  Overlord  
  48  46:25  Overlord  
  44  46:30  Drone  
  43  46:38  Drone  
  43  46:44  Overlord  
  43  46:55  Spawning Pool  
  42  47:03  Overlord  
  42  47:23  Overlord  
  42  47:31  Evolution Chamber  
  39  47:42  Overlord  
  39  47:45  Zergling x2  
  40  47:52  Zergling x2  
  40  47:58  Evolution Chamber  
  39  47:59  Zergling x2  
  39  48:01  Overlord  
  37  48:07  Spore Crawler, Zergling x2  
  37  48:12  Drone x8  
  36  48:16  Spawning Pool  
  33  48:20  Overlord, Drone x3  
  33  48:23  Drone x12  
  31  48:27  Drone x3  
  31  48:30  Evolution Chamber  
  31  48:31  Evolution Chamber, Drone x4  
  31  48:34  Extractor, Drone  
  28  48:39  Overlord  
  26  48:42  Drone  
  26  48:50  Extractor  
Tags
 
Add a new tag
Caveats
  • Supply blocks, unpowered buildings, or Contaminate may cause inaccurate times.
  • Supply counts are checked every 10 seconds.